 Dungeon Crawl Stone Soup version 0.22.1-1-ga44c0e5 (webtiles) character file.

102 Fang the Chopper (level 4, -4/29 HPs)
             Began as a Gargoyle Berserker on Sept 23, 2018.
             Was a Believer of Trog.
             Slain by an orc
             ... wielding a +0 war axe
              (5 damage)
             ... on level 3 of the Dungeon.
             The game lasted 00:03:51 (1720 turns).

Fang the Chopper (Gargoyle Berserker)               Turns: 1720, Time: 00:03:51

Health: -4/29      AC:  7    Str: 22    XL:     4   Next: 77%
Magic:  4/4        EV: 12    Int:  7    God:    Trog [**....]
Gold:   118        SH:  0    Dex:  9    Spells: 3/3 levels left

rFire    . . .     SeeInvis .   s - +0 trident
rCold    . . .     Gourm    .   (no shield)
rNeg     + + .     Faith    .   b - +0 animal skin
rPois    ∞         Spirit   .   (no helmet)
rElec    +         Reflect  .   (no cloak)
rCorr    .         Harm     .   (no gloves)
MR       .....                  p - +1 pair of boots
Stlth    +.........             (no amulet)
HPRegen  0.09/turn              q - ring of positive energy
MPRegen  0.09/turn              (no ring)

@: confused, berserk cooldown, slowed, very slow
A: negative energy resistance 1, electricity resistance, unbreathing,
petrification resistance, rot immunity, AC +3
a: Berserk, Trog's Hand, Renounce Religion


You were on level 3 of the Dungeon.
You worshipped Trog.
Trog was pleased with you.
You were near starving.

You visited 1 branch of the dungeon, and saw 3 of its levels.

You collected 118 gold pieces.

Inventory:

Hand Weapons
 a - a +0 hand axe
 s - a +0 trident (weapon)
Armour
 b - a +0 animal skin (worn)
 p - a +1 pair of boots (worn)
Jewellery
 q - a ring of positive energy (left hand)
Wands
 m - a wand of polymorph (10)
Scrolls
 e - 2 scrolls of amnesia {unknown}
 f - a scroll of enchant weapon {unknown}
 h - 2 scrolls of teleportation {unknown}
 j - 8 scrolls of identify {unknown}
 o - 2 scrolls of remove curse {unknown}
 r - a scroll of fog {unknown}
Potions
 d - 2 potions of degeneration {unknown}
 g - a potion of flight {unknown}
 i - 2 potions of might {unknown}
 k - 2 potions of heal wounds {unknown}
 l - a potion of lignification {unknown}
 n - a potion of magic {unknown}
Comestibles
 c - 3 rations


   Skills:
 + Level 3.9 Fighting
 + Level 4.0 Axes
 + Level 2.3 Armour
 + Level 2.1 Dodging
 + Level 0.1 Unarmed Combat


You had 3 spell levels left.
You didn't know any spells.
Your spell library was empty.

Dungeon Overview and Level Annotations

Branches:
Dungeon (3/15)

Altars:
Elyvilon
Okawaru


Innate Abilities, Weirdness & Mutations

You are resistant to torment.
Your stone body is resilient. (AC +3)
You are immune to poison.
You resist negative energy. (rN+)
You are resistant to electric shocks. (rElec)
You can survive without breathing.
You are immune to petrification.
You are immune to rotting.


Message History

The leopard gecko misses you.
The giant cockroach bites you but does no damage.
You completely miss the giant cockroach.
The leopard gecko bites you but does no damage.
The giant cockroach bites you but does no damage.
Something hits you but does no damage. The orc barely misses you.
The leopard gecko closely misses you. The giant cockroach closely misses you.
Something hits you but does no damage.
Unknown command.
You are near starving!
You miss the leopard gecko.
The leopard gecko bites you but does no damage.
The giant cockroach barely misses you. The orc hits you with a war axe.
* * * LOW HITPOINT WARNING * * *
Something hits you but does no damage. The leopard gecko barely misses you.
The giant cockroach closely misses you.
Unknown command.
You completely miss something. The leopard gecko closely misses you.
The orc hits you with a war axe.
You die...

#..#.#.# #.# #.......
#.# #..#.#.# #.#
#..#.#.# #.#
#..#.#.###.## #
#..#.#......#.#
...##...l.####.(#.####
.......@{.)(..........
.####..so.####..#.####
#...........#..##
#...........#...##
####.####.#.#....##
#.# #.....(....# #.#
#.###......# #.###.
#([....#
......###()....#


You could see an orc, a leopard gecko and a giant cockroach.

Vanquished Creatures
  An orc priest (D:3)
  An ooze (D:2)
  2 worms (D:2)
  2 dart slugs (D:2)
  A leopard gecko (D:3)
  11 orcs
  A bat (D:1)
  5 goblins
  A hobgoblin (D:2)
  4 jackals (D:1)
  A quokka (D:2)
  11 frilled lizards
  A giant cockroach zombie (D:2)
  3 kobolds
  4 rats
49 creatures vanquished.

Notes
Turn   | Place    | Note
-------+----------+-------------------------------------------
     0 | D:1      | Fang the Gargoyle Berserker began the quest for the Orb.
     0 | D:1      | Reached XP level 1. HP: 14/14 MP: 1/1
    72 | D:1      | Reached XP level 2. HP: 14/19 MP: 2/2
   396 | D:1      | Reached skill level 3 in Axes
   903 | D:2      | Reached XP level 3. HP: 24/24 MP: 3/3
  1149 | D:2      | Found a white marble altar of Elyvilon.
  1434 | D:2      | Found a white marble altar of Elyvilon.
  1584 | D:3      | Found an iron altar of Okawaru.
  1590 | D:3      | Reached ** piety under Trog
  1590 | D:3      | Reached XP level 4. HP: 29/29 MP: 4/4
  1594 | D:3      | Reached skill level 4 in Axes
  1719 | D:3      | HP: 1/29 [orc/war axe (2)]
  1720 | D:3      | Slain by an orc

Skill      XL: |  1  2  3  4 |
---------------+-------------+-----
Axes           | 3 4 |  4.0
Dodging        | 2 |  2.1
Fighting       | |  3.9
Armour         | |  2.3
Unarmed Combat | |  0.1

Action                   |  1- 3 |  4- 6 || total
-------------------------+-------+-------++-------
Melee: Hand axe          |   104 |     5 ||   109
       Unarmed           |     6 |       ||     6
       Trident           |       |    40 ||    40
Invok: Berserk           |     3 |     1 ||     4
  Eat: Chunk             |     4 |     1 ||     5
Armor: Animal skin       |    36 |    34 ||    70
       Skin              |     2 |       ||     2
Dodge: Dodged            |    82 |    66 ||   148
